 Dungeon Crawl Stone Soup version 0.13.0-17-g5f0e85f (webtiles) character file.

130 Impy the Ruffian (level 3, 0/26 HPs)
             Began as a Centaur Earth Elementalist on Oct 21, 2013.
             Slain by Grinder (5 damage)
             ... while paralysed by Grinder
             ... on Level 3 of the Dungeon.
             The game lasted 00:05:57 (2373 turns).

Impy the Ruffian (Centaur Earth Elementalist)       Turns: 2373, Time: 00:05:57

HP   0/26        AC  6     Str 10      XL: 3   Next: 78%
MP   5/5         EV  1     Int 15      God:
Gold 71          SH  0     Dex  9      Spells:  1 memorised,  3 levels left

Res.Fire  : . . .   See Invis. : .   b - 13 stones
Res.Cold  : . . .   Warding    : .   c - +1 robe
Life Prot.: . . .   Conserve   : .   (no shield)
Res.Poison: .       Res.Corr.  : .   k - +0 horned helmet
Res.Elec. : .       Clarity    : .   (no cloak)
Sust.Abil.: . .     Spirit.Shd : .   (no gloves)
Res.Mut.  : .       Stasis     : .   (no barding)
Res.Rott. : .       Flight     : .   (no amulet)
Saprovore : . . .                    (no ring)
                                     e - ring of flight

@: paralysed, very quick, not resistant to hostile enchantments, very unstealthy
A: hooves 3, deformed body, herbivore 1, speed 2, fast metabolism 1, tough skin
3
a: Evoke Flight


You were on level 3 of the Dungeon.
You were not hungry.

You visited 1 branch of the dungeon, and saw 3 of its levels.

You collected 51 gold pieces.

Inventory:

Missiles
 b - 13 stones (in hand)
Armour
 c - a +1 robe (worn)
 k - a +0 horned helmet (worn)
Comestibles
 a - a bread ration
 n - 4 apples
 o - an apricot
Scrolls
 h - a scroll of fog
 i - a scroll of noise
 m - a scroll of teleportation
Jewellery
 e - a ring of flight (left hand)
 t - an uncursed amulet of stasis {unknown}
Books
 d - a book of Geomancy

   Spells                             Type                      Level
   *Sandblast                         Earth                        1
   Stoneskin                          Transmutation/Earth          2
   Passwall                           Transmutation/Earth          3
   Stone Arrow                        Conjuration/Earth            3
   Petrify                            Transmutation/Earth          4
   Lee's Rapid Deconstruction         Earth                        5


   Skills:
 - Level 1.3 Dodging
 - Level 1.2 Stealth
 + Level 3.5 Unarmed Combat
 - Level 1.0 Spellcasting
   Level 0.8 Transmutations
 - Level 2.6 Earth Magic


You had 3 spell levels left.
You knew the following spells:

 Your Spells              Type           Power        Failure   Level  Hunger
a - Sandblast             Erth           #.....       12%         1    ##.....


Dungeon Overview and Level Annotations

Branches:
Dungeon (3/27)

Altars:
Fedhas

Annotations:
D:3 Grinder


Innate Abilities, Weirdness & Mutations

You have hooves in place of feet.
Armour fits poorly on your strangely shaped body.
You digest meat inefficiently.
You cover ground very quickly.
You have a fast metabolism.
You have extremely tough skin (AC +3).


Message History

You hit the goblin.
You kill the goblin!
No target in view!
You see here a goblin corpse.
There is a stone staircase leading down here.
You start resting.
HP restored.
Wield which item (- for none, * to show all)? (? for menu, Esc to quit)
b - 13 stones (in hand)
You climb downwards.
Level annotation: Grinder Grinder gestures at you.
You suddenly lose the ability to move!
Grinder gestures at you. Pain shoots through your body! Grinder hits you.
You writhe in agony.
Grinder hits you.
* * * LOW HITPOINT WARNING * * *
You writhe in agony.
You die...

## # .#.#
###5#. ###
#@#.. ....
#5#.#..#
##.#.#....#
+......#
##.#.###
#.#.. # ###


You could see Grinder.

Vanquished Creatures
  An adder (D:2)
  A giant mite (D:2)
  A giant gecko (D:1)
  An ooze (D:2)
  A ball python (D:1)
  A giant cockroach (D:2)
  3 goblins (D:2)
  3 hobgoblins
  3 jackals (D:2)
  A quokka (D:2)
  11 bats
  3 giant newts
  5 kobolds
  2 rats (D:2)
37 creatures vanquished.

Notes
Turn   | Place    | Note
--------------------------------------------------------------
     0 | D:1      | Impy, the Centaur Earth Elementalist, began the quest for the Orb.
     0 | D:1      | Reached XP level 1. HP: 14/14 MP: 3/3
    78 | D:1      | Reached skill level 1 in Unarmed Combat
   477 | D:1      | Reached XP level 2. HP: 12/20 MP: 4/4
  1067 | D:2      | Found a blossoming altar of Fedhas.
  1232 | D:2      | Reached XP level 3. HP: 16/26 MP: 5/5
  1420 | D:2      | Reached skill level 3 in Unarmed Combat
  1987 | D:2      | Paralysed by a potion of paralysis for 2 turns
  2065 | D:3      | Noticed Grinder
  2368 | D:3      | Paralysed by Grinder for 7 turns
  2373 | D:3      | Slain by Grinder

Action                   || total
-------------------------++-------
Melee: Unarmed           ||   166
 Cast: Sandblast         ||     9
  Use: Scroll            ||     9
       Potion            ||     2
